 Dungeon Crawl Stone Soup version 0.30-a0-141-g30f27751c5 (webtiles) character file.

Game seed: 16197685987110088921

322 qw the Chopper (level 6, 38/38 HPs)
             Began as a Gargoyle Fighter on Sept 25, 2022.
             Quit the game on level 4 of the Dungeon.
             The game lasted 00:09:25 (4708 turns).

qw the Chopper (Gargoyle Fighter)                   Turns: 4708, Time: 00:09:25

Health: 38/38      AC: 38    Str: 21 (22) XL:     6   Next: 47%
Magic:  6/6        EV:  2    Int:  8      God:
Gold:   197        SH:  4    Dex:  9      Spells: 5/5 levels left

rFire   . . .      SeeInvis .    Y - +1 war axe
rCold   . . .      Faith    .    c - +0 buckler
rNeg    + + +      Spirit   +    b - +13 crystal plate armour of Zaapt {Contam +Blink rN+}
rPois   inf        Reflect  .    g - +2 helmet
rElec   +          Harm     .    (no cloak)
rCorr   .          Rampage  .    o - +0 pair of gloves
Will    .....                    (no boots)
Stlth   ..........               h - amulet of guardian spirit
HPRegen 0.12/turn                j - ring of positive energy
MPRegen 0.10/turn                (no ring)

@: no status effects
A: sickness immunity, AC +4, negative energy resistance 1, electricity
resistance, torment resistance 1, petrification resistance
a: Evoke Blink


You were on level 4 of the Dungeon.
You visited 2 branches of the dungeon, and saw 5 of its levels.

You collected 197 gold pieces.


Innate Abilities, Weirdness & Mutations

You are immune to sickness and miasma.
Your stone body is resilient. (AC +4)
You are immune to poison.
You resist negative energy. (rN+)
You are resistant to electric shocks. (rElec)
You are resistant to unholy torment.
You are immune to petrification.


   Skills:
 - Level 4.0 Fighting
 - Level 5.0 Axes
 + Level 4.7 Armour
 - Level 3.2 Shields


You had 5 spell levels left.
You didn't know any spells.
Your spell library was empty.

Inventory:

Hand Weapons
 n - the +9 hammer "Zolagyt" {flame, Int+2}
   (You found it on level 2 of the Dungeon)

   It burns those it strikes, dealing additional fire damage.
   Int:       It affects your intelligence (+2).
 Y - a +1 war axe (weapon)
Missiles
 f - a boomerang (quivered)
Armour
 b - the +13 crystal plate armour of Zaapt (worn) {Contam +Blink rN+}
   (You acquired it on level 3 of the Dungeon)

   rN:        It protects you from negative energy.
   +Blink:    It lets you blink.
   Contam:    It causes magical contamination when unequipped.
 c - a +0 buckler (worn)
 g - a +2 helmet (worn)
 o - a +0 pair of gloves (worn)
Jewellery
 h - an amulet of guardian spirit (around neck)
 j - a ring of positive energy (left hand)
Potions
 a - a potion of heal wounds
 d - a potion of might
 e - 2 potions of attraction
 i - a potion of resistance {unknown}
 k - a potion of haste {unknown}
 l - a potion of lignification

Dungeon Overview and Level Annotations

Branches:
Dungeon (4/15)             Temple (1/1) D:4

Altars:
Ashenzari
Cheibriados
Dithmenos
Gozag
Hepliaklqana
Kikubaaqudgha
Nemelex Xobeh
Qazlal
Ru
Vehumet
Wu Jian
Xom
Yredelemnul
The Shining One

Annotations:
D:2 1 runed translucent door, Crazy Yiuf


Message History

A ball python is nearby!
A ball python is nearby!
4693 ||| Stepping randomly (stuck).
A ball python is nearby!
A ball python is nearby!
4695 ||| Stepping randomly (stuck).
A ball python is nearby!
A ball python is nearby!
4697 ||| Stepping randomly (stuck).
There are monsters nearby!
There are monsters nearby!
4698 ||| Stepping randomly (stuck).
A ball python is nearby!
A ball python is nearby!
4699 ||| Stepping randomly (stuck).
A ball python is nearby!
A ball python is nearby!
4701 ||| Stepping randomly (stuck).
There are monsters nearby!
There are monsters nearby!
4702 ||| Stepping randomly (stuck).
A ball python is nearby!
A ball python is nearby!
4703 ||| Stepping randomly (stuck).
There are monsters nearby!
There are monsters nearby!
4704 ||| Stepping randomly (stuck).
A ball python is nearby!
A ball python is nearby!
4705 ||| Stepping randomly (stuck).
There are monsters nearby!
There are monsters nearby!
4706 ||| Stepping randomly (stuck).
There are monsters nearby!
There are monsters nearby!
4707 ||| Stepping randomly (stuck).
You see here 12 gold pieces.
There are monsters nearby!
There are monsters nearby!
Are you sure you want to abandon this character and quit the game? (Confirm with "yes".)

.# ## .# #..
#### .# .#...
...### .#
......#####....#
# .#
#.....#....#.#
.# #####.#......
~# .# #.#Sh..#
... .# ####
#.######## ....
.# ....#
#@.......##...#
[######.#
#######>.......
......#.#
#...#..#.
......#.# #...#
## ......#.#
#...# ......#
#...# ......#
#...# ......#
#...# ...####
#...#####


You could see a hound and a ball python.

Vanquished Creatures
  An orc warrior (D:4)
  An orc priest (D:4)
  2 iguanas
  An orc wizard (D:4)
  4 adders
  2 worms (D:2)
  3 dart slugs
  3 orcs (D:4)
  10 ball pythons
  7 endoplasms
  5 giant cockroaches
  7 hobgoblins
  6 jackals
  4 kobolds
  3 quokkas
  9 bats
  3 frilled lizards (D:1)
  4 goblins
75 creatures vanquished.

Notes
Turn   | Place    | Note
-------+----------+-------------------------------------------
     0 | D:1      | qw the Gargoyle Fighter began the quest for the Orb.
     0 | D:1      | Reached XP level 1. HP: 14/14 MP: 1/1
     0 | D:1      | 0 ||| qw: Version: 0.2-a-10-g399e6c4
     0 | D:1      | 0 ||| qw: Game counter: 212
     0 | D:1      | 0 ||| qw: Always use a shield: true
     0 | D:1      | 0 ||| qw: God list: Okawaru
     0 | D:1      | 0 ||| qw: Allow faded altars: false
     0 | D:1      | 0 ||| qw: Do Orc after D:15 true
     0 | D:1      | 0 ||| qw: Do second Lair branch before Depths: true
     0 | D:1      | 0 ||| qw: Lair rune preference: random
     0 | D:1      | 0 ||| qw: Plans: Normal, Zot:1-4, God:TSO, Crypt, Tomb,
                  | Pan, Slime:5, Hells, Abyss, Orb
     0 | D:1      | 0 ||| PLANNING D:1-11
     6 | D:1      | Found a faded altar of an unknown god.
    25 | D:1      | Reached skill level 2 in Axes
   139 | D:1      | 139 ||| Stepping ~*~*~tactically~*~*~ (stealth).
   152 | D:1      | Reached XP level 2. HP: 15/19 MP: 2/2
   280 | D:1      | 280 ||| Stepping ~*~*~tactically~*~*~ (stealth).
   295 | D:1      | Reached skill level 3 in Axes
   374 | D:1      | 374 ||| Stepping ~*~*~tactically~*~*~ (stealth).
   380 | D:1      | Reached XP level 3. HP: 23/23 MP: 3/3
   948 | D:1      | 948 ||| READING scroll labelled ZUNGUIL QIPSI.
   949 | D:1      | 949 ||| READING scroll labelled GAXTASOMAU.
   953 | D:1      | 953 ||| READING scroll labelled UNNECZ PATAI.
   954 | D:1      | 954 ||| READING scroll labelled XIN KOCLIRINAGEMU.
  1018 | D:2      | 1018 ||| STAIRDANCE
  1024 | D:2      | 1024 ||| STAIRDANCE
  1032 | D:2      | 1032 ||| STAIRDANCE
  1075 | D:2      | Reached XP level 4. HP: 23/28 MP: 4/4
  1403 | D:2      | Reached skill level 4 in Axes
  1458 | D:2      | 1458 ||| Stepping ~*~*~tactically~*~*~ (stealth).
  1823 | D:2      | Found a runed translucent door.
  1824 | D:2      | Identified the +9 hammer "Zolagyt" {flame, Int+2}
  1824 | D:2      | Noticed Crazy Yiuf
  1826 | D:2      | 1826 ||| DROPPING +0 mace.
  1829 | D:2      | 1829 ||| READING 2 scrolls labelled GAITAE WEYSCHA.
  1830 | D:2      | 1830 ||| READING scroll labelled ANTU LESAE.
  1831 | D:2      | 1831 ||| READING scroll labelled BEFOOS VYILU.
  1832 | D:2      | 1832 ||| DRINKING 2 white potions.
  1833 | D:2      | 1833 ||| DRINKING 3 glowing purple potions.
  1834 | D:2      | 1834 ||| DRINKING 2 grey potions.
  1880 | D:2      | 1880 ||| DROPPING scroll of poison.
  1881 | D:2      | 1881 ||| DROPPING 2 potions of degeneration.
  1955 | D:3      | 1955 ||| Stepping ~*~*~tactically~*~*~ (hiding).
  2139 | D:3      | Reached XP level 5. HP: 16/32 MP: 5/5
  2523 | D:3      | Found an ancient bone altar of Kikubaaqudgha.
  2846 | D:3      | 2846 ||| UPGRADING to +2 helmet.
  2851 | D:3      | 2851 ||| UPGRADING to +0 chain mail.
  2861 | D:3      | 2861 ||| DROPPING +0 scale mail.
  2862 | D:3      | 2862 ||| UPGRADING to amulet of guardian spirit.
  2867 | D:3      | 2867 ||| UPGRADING to ring of positive energy.
  2868 | D:3      | 2868 ||| READING scroll labelled XOUMA PIHUSTI.
  2868 | D:3      | Identified a scroll of acquirement
  2868 | D:3      | 2868 ||| ACQUIRING +13 crystal plate armour of Zaapt
                  | {Contam +Blink rN+}
  2868 | D:3      | Acquired the +13 crystal plate armour of Zaapt {Contam
                  | +Blink rN+}
  2870 | D:3      | 2870 ||| UPGRADING to +13 crystal plate armour of Zaapt
                  | {Contam +Blink rN+}.
  2880 | D:3      | 2880 ||| DROPPING +0 chain mail.
  2881 | D:3      | 2881 ||| READING scroll labelled GOSTRE FEAP.
  2982 | D:3      | 2982 ||| DRINKING 2 fuming inky potions.
  3108 | D:4      | Noticed an orc warrior
  3119 | D:4      | Killed an orc warrior
  3120 | D:4      | Reached XP level 6. HP: 26/37 MP: 4/6
  3124 | D:4      | Reached skill level 5 in Axes
  3126 | D:4      | 3126 ||| DRINKING potion of curing.
  3126 | D:4      | 3126 ||| (to cure confusion)
  3270 | D:4      | Found a staircase to the Ecumenical Temple.
  3337 | D:4      | 3337 ||| PLANNING TEMPLE
  3337 | D:4      | 3337 ||| UPGRADING to +0 pair of gloves.
  3342 | D:4      | 3342 ||| READING scroll labelled YRAMUE DUHICHA.
  3343 | D:4      | 3343 ||| DRINKING 2 pink potions.
  3348 | Temple   | Entered the Ecumenical Temple
  3391 | Temple   | 3391 ||| PLANNING D:1-11
  3411 | D:4      | Found the +18 Lear's hauberk
  3514 | D:4      | 3514 ||| Stepping randomly (stuck).
  3515 | D:4      | 3515 ||| Stepping randomly (stuck).
  3516 | D:4      | 3516 ||| Stepping randomly (stuck).
  3517 | D:4      | 3517 ||| Stepping randomly (stuck).
  3518 | D:4      | 3518 ||| Stepping randomly (stuck).
  3519 | D:4      | 3519 ||| Stepping randomly (stuck).
  3520 | D:4      | 3520 ||| Stepping randomly (stuck).
  3521 | D:4      | 3521 ||| Stepping randomly (stuck).
  3522 | D:4      | 3522 ||| Stepping randomly (stuck).
  3523 | D:4      | 3523 ||| Stepping randomly (stuck).
  3524 | D:4      | 3524 ||| Stepping randomly (stuck).
  3525 | D:4      | 3525 ||| Stepping randomly (stuck).
  3526 | D:4      | 3526 ||| Stepping randomly (stuck).
  3527 | D:4      | 3527 ||| Stepping randomly (stuck).
  3528 | D:4      | 3528 ||| Stepping randomly (stuck).
  3529 | D:4      | 3529 ||| Stepping randomly (stuck).
  3531 | D:4      | 3531 ||| Stepping randomly (stuck).
  3532 | D:4      | 3532 ||| Stepping randomly (stuck).
  3533 | D:4      | 3533 ||| Stepping randomly (stuck).
  3535 | D:4      | 3535 ||| Stepping randomly (stuck).
  3537 | D:4      | 3537 ||| Stepping randomly (stuck).
  3539 | D:4      | 3539 ||| Stepping randomly (stuck).
  3545 | D:4      | 3545 ||| Stepping randomly (stuck).
  3547 | D:4      | 3547 ||| Stepping randomly (stuck).
  3548 | D:4      | 3548 ||| Stepping randomly (stuck).
  3549 | D:4      | 3549 ||| Stepping randomly (stuck).
  3550 | D:4      | 3550 ||| Stepping randomly (stuck).
  3551 | D:4      | 3551 ||| Stepping randomly (stuck).
  3552 | D:4      | 3552 ||| Stepping randomly (stuck).
  3553 | D:4      | 3553 ||| Stepping randomly (stuck).
  3555 | D:4      | 3555 ||| Stepping randomly (stuck).
  3557 | D:4      | 3557 ||| Stepping randomly (stuck).
  3558 | D:4      | 3558 ||| Stepping randomly (stuck).
  3559 | D:4      | 3559 ||| Stepping randomly (stuck).
  3560 | D:4      | 3560 ||| Stepping randomly (stuck).
  3561 | D:4      | 3561 ||| Stepping randomly (stuck).
  3562 | D:4      | 3562 ||| Stepping randomly (stuck).
  3563 | D:4      | 3563 ||| Stepping randomly (stuck).
  3564 | D:4      | 3564 ||| Stepping randomly (stuck).
  3565 | D:4      | 3565 ||| Stepping randomly (stuck).
  3566 | D:4      | 3566 ||| Stepping randomly (stuck).
  3567 | D:4      | 3567 ||| Stepping randomly (stuck).
  3568 | D:4      | 3568 ||| Stepping randomly (stuck).
  3569 | D:4      | 3569 ||| Stepping randomly (stuck).
  3570 | D:4      | 3570 ||| Stepping randomly (stuck).
  3571 | D:4      | 3571 ||| Stepping randomly (stuck).
  3572 | D:4      | 3572 ||| Stepping randomly (stuck).
  3573 | D:4      | 3573 ||| Stepping randomly (stuck).
  3574 | D:4      | 3574 ||| Stepping randomly (stuck).
  3575 | D:4      | 3575 ||| Stepping randomly (stuck).
  3576 | D:4      | 3576 ||| Stepping randomly (stuck).
  3577 | D:4      | 3577 ||| Stepping randomly (stuck).
  3578 | D:4      | 3578 ||| Stepping randomly (stuck).
  3579 | D:4      | 3579 ||| Stepping randomly (stuck).
  3580 | D:4      | 3580 ||| Stepping randomly (stuck).
  3581 | D:4      | 3581 ||| Stepping randomly (stuck).
  3582 | D:4      | 3582 ||| Stepping randomly (stuck).
  3583 | D:4      | 3583 ||| Stepping randomly (stuck).
  3584 | D:4      | 3584 ||| Stepping randomly (stuck).
  3586 | D:4      | 3586 ||| Stepping randomly (stuck).
  3588 | D:4      | 3588 ||| Stepping randomly (stuck).
  3589 | D:4      | 3589 ||| Stepping randomly (stuck).
  3590 | D:4      | 3590 ||| Stepping randomly (stuck).
  3591 | D:4      | 3591 ||| Stepping randomly (stuck).
  3592 | D:4      | 3592 ||| Stepping randomly (stuck).
  3593 | D:4      | 3593 ||| Stepping randomly (stuck).
  3594 | D:4      | 3594 ||| Stepping randomly (stuck).
  3595 | D:4      | 3595 ||| Stepping randomly (stuck).
  3596 | D:4      | 3596 ||| Stepping randomly (stuck).
  3597 | D:4      | 3597 ||| Stepping randomly (stuck).
  3599 | D:4      | 3599 ||| Stepping randomly (stuck).
  3601 | D:4      | 3601 ||| Stepping randomly (stuck).
  3602 | D:4      | 3602 ||| Stepping randomly (stuck).
  3607 | D:4      | 3607 ||| Stepping randomly (stuck).
  3609 | D:4      | 3609 ||| Stepping randomly (stuck).
  3611 | D:4      | 3611 ||| Stepping randomly (stuck).
  3612 | D:4      | 3612 ||| Stepping randomly (stuck).
  3613 | D:4      | 3613 ||| Stepping randomly (stuck).
  3614 | D:4      | 3614 ||| Stepping randomly (stuck).
  3615 | D:4      | 3615 ||| Stepping randomly (stuck).
  3616 | D:4      | 3616 ||| Stepping randomly (stuck).
  3617 | D:4      | 3617 ||| Stepping randomly (stuck).
  3619 | D:4      | 3619 ||| Stepping randomly (stuck).
  3621 | D:4      | 3621 ||| Stepping randomly (stuck).
  3623 | D:4      | 3623 ||| Stepping randomly (stuck).
  3625 | D:4      | 3625 ||| Stepping randomly (stuck).
  3626 | D:4      | 3626 ||| Stepping randomly (stuck).
  3627 | D:4      | 3627 ||| Stepping randomly (stuck).
  3629 | D:4      | 3629 ||| Stepping randomly (stuck).
  3631 | D:4      | 3631 ||| Stepping randomly (stuck).
  3632 | D:4      | 3632 ||| Stepping randomly (stuck).
  3633 | D:4      | 3633 ||| Stepping randomly (stuck).
  3634 | D:4      | 3634 ||| Stepping randomly (stuck).
  3635 | D:4      | 3635 ||| Stepping randomly (stuck).
  3636 | D:4      | 3636 ||| Stepping randomly (stuck).
  3637 | D:4      | 3637 ||| Stepping randomly (stuck).
  3638 | D:4      | 3638 ||| Stepping randomly (stuck).
  3639 | D:4      | 3639 ||| Stepping randomly (stuck).
  3640 | D:4      | 3640 ||| Stepping randomly (stuck).
  3641 | D:4      | 3641 ||| Stepping randomly (stuck).
  3642 | D:4      | 3642 ||| Stepping randomly (stuck).
  3643 | D:4      | 3643 ||| Stepping randomly (stuck).
  3644 | D:4      | 3644 ||| Stepping randomly (stuck).
  3645 | D:4      | 3645 ||| Stepping randomly (stuck).
  3646 | D:4      | 3646 ||| Stepping randomly (stuck).
  3647 | D:4      | 3647 ||| Stepping randomly (stuck).
  3648 | D:4      | 3648 ||| Stepping randomly (stuck).
  3649 | D:4      | 3649 ||| Stepping randomly (stuck).
  3650 | D:4      | 3650 ||| Stepping randomly (stuck).
  3651 | D:4      | 3651 ||| Stepping randomly (stuck).
  3652 | D:4      | 3652 ||| Stepping randomly (stuck).
  3653 | D:4      | 3653 ||| Stepping randomly (stuck).
  3654 | D:4      | 3654 ||| Stepping randomly (stuck).
  3655 | D:4      | 3655 ||| Stepping randomly (stuck).
  3656 | D:4      | 3656 ||| Stepping randomly (stuck).
  3657 | D:4      | 3657 ||| Stepping randomly (stuck).
  3658 | D:4      | 3658 ||| Stepping randomly (stuck).
  3659 | D:4      | 3659 ||| Stepping randomly (stuck).
  3660 | D:4      | 3660 ||| Stepping randomly (stuck).
  3661 | D:4      | 3661 ||| Stepping randomly (stuck).
  3662 | D:4      | 3662 ||| Stepping randomly (stuck).
  3663 | D:4      | 3663 ||| Stepping randomly (stuck).
  3664 | D:4      | 3664 ||| Stepping randomly (stuck).
  3665 | D:4      | 3665 ||| Stepping randomly (stuck).
  3666 | D:4      | 3666 ||| Stepping randomly (stuck).
  3667 | D:4      | 3667 ||| Stepping randomly (stuck).
  3668 | D:4      | 3668 ||| Stepping randomly (stuck).
  3669 | D:4      | 3669 ||| Stepping randomly (stuck).
  3671 | D:4      | 3671 ||| Stepping randomly (stuck).
  3673 | D:4      | 3673 ||| Stepping randomly (stuck).
  3674 | D:4      | 3674 ||| Stepping randomly (stuck).
  3675 | D:4      | 3675 ||| Stepping randomly (stuck).
  3677 | D:4      | 3677 ||| Stepping randomly (stuck).
  3679 | D:4      | 3679 ||| Stepping randomly (stuck).
  3680 | D:4      | 3680 ||| Stepping randomly (stuck).
  3681 | D:4      | 3681 ||| Stepping randomly (stuck).
  3682 | D:4      | 3682 ||| Stepping randomly (stuck).
  3693 | D:4      | 3693 ||| Stepping randomly (stuck).
  3695 | D:4      | 3695 ||| Stepping randomly (stuck).
  3697 | D:4      | 3697 ||| Stepping randomly (stuck).
  3699 | D:4      | 3699 ||| Stepping randomly (stuck).
  3701 | D:4      | 3701 ||| Stepping randomly (stuck).
  3702 | D:4      | 3702 ||| Stepping randomly (stuck).
  3703 | D:4      | 3703 ||| Stepping randomly (stuck).
  3704 | D:4      | 3704 ||| Stepping randomly (stuck).
  3705 | D:4      | 3705 ||| Stepping randomly (stuck).
  3706 | D:4      | 3706 ||| Stepping randomly (stuck).
  3707 | D:4      | 3707 ||| Stepping randomly (stuck).
  3708 | D:4      | 3708 ||| Stepping randomly (stuck).
  3710 | D:4      | 3710 ||| Stepping randomly (stuck).
  3711 | D:4      | 3711 ||| Stepping randomly (stuck).
  3712 | D:4      | 3712 ||| Stepping randomly (stuck).
  3713 | D:4      | 3713 ||| Stepping randomly (stuck).
  3714 | D:4      | 3714 ||| Stepping randomly (stuck).
  3715 | D:4      | 3715 ||| Stepping randomly (stuck).
  3716 | D:4      | 3716 ||| Stepping randomly (stuck).
  3717 | D:4      | 3717 ||| Stepping randomly (stuck).
  3718 | D:4      | 3718 ||| Stepping randomly (stuck).
  3719 | D:4      | 3719 ||| Stepping randomly (stuck).
  3720 | D:4      | 3720 ||| Stepping randomly (stuck).
  3721 | D:4      | 3721 ||| Stepping randomly (stuck).
  3723 | D:4      | 3723 ||| Stepping randomly (stuck).
  3724 | D:4      | 3724 ||| Stepping randomly (stuck).
  3725 | D:4      | 3725 ||| Stepping randomly (stuck).
  3726 | D:4      | 3726 ||| Stepping randomly (stuck).
  3727 | D:4      | 3727 ||| Stepping randomly (stuck).
  3728 | D:4      | 3728 ||| Stepping randomly (stuck).
  3729 | D:4      | 3729 ||| Stepping randomly (stuck).
  3730 | D:4      | 3730 ||| Stepping randomly (stuck).
  3731 | D:4      | 3731 ||| Stepping randomly (stuck).
  3732 | D:4      | 3732 ||| Stepping randomly (stuck).
  3733 | D:4      | 3733 ||| Stepping randomly (stuck).
  3734 | D:4      | 3734 ||| Stepping randomly (stuck).
  3735 | D:4      | 3735 ||| Stepping randomly (stuck).
  3736 | D:4      | 3736 ||| Stepping randomly (stuck).
  3737 | D:4      | 3737 ||| Stepping randomly (stuck).
  3738 | D:4      | 3738 ||| Stepping randomly (stuck).
  3739 | D:4      | 3739 ||| Stepping randomly (stuck).
  3740 | D:4      | 3740 ||| Stepping randomly (stuck).
  3741 | D:4      | 3741 ||| Stepping randomly (stuck).
  3742 | D:4      | 3742 ||| Stepping randomly (stuck).
  3743 | D:4      | 3743 ||| Stepping randomly (stuck).
  3744 | D:4      | 3744 ||| Stepping randomly (stuck).
  3745 | D:4      | 3745 ||| Stepping randomly (stuck).
  3746 | D:4      | 3746 ||| Stepping randomly (stuck).
  3747 | D:4      | 3747 ||| Stepping randomly (stuck).
  3748 | D:4      | 3748 ||| Stepping randomly (stuck).
  3750 | D:4      | 3750 ||| Stepping randomly (stuck).
  3751 | D:4      | 3751 ||| Stepping randomly (stuck).
  3752 | D:4      | 3752 ||| Stepping randomly (stuck).
  3753 | D:4      | 3753 ||| Stepping randomly (stuck).
  3754 | D:4      | 3754 ||| Stepping randomly (stuck).
  3756 | D:4      | 3756 ||| Stepping randomly (stuck).
  3757 | D:4      | 3757 ||| Stepping randomly (stuck).
  3758 | D:4      | 3758 ||| Stepping randomly (stuck).
  3760 | D:4      | 3760 ||| Stepping randomly (stuck).
  3761 | D:4      | 3761 ||| Stepping randomly (stuck).
  3762 | D:4      | 3762 ||| Stepping randomly (stuck).
  3763 | D:4      | 3763 ||| Stepping randomly (stuck).
  3764 | D:4      | 3764 ||| Stepping randomly (stuck).
  3765 | D:4      | 3765 ||| Stepping randomly (stuck).
  3766 | D:4      | 3766 ||| Stepping randomly (stuck).
  3767 | D:4      | 3767 ||| Stepping randomly (stuck).
  3768 | D:4      | 3768 ||| Stepping randomly (stuck).
  3769 | D:4      | 3769 ||| Stepping randomly (stuck).
  3770 | D:4      | 3770 ||| Stepping randomly (stuck).
  3771 | D:4      | 3771 ||| Stepping randomly (stuck).
  3773 | D:4      | 3773 ||| Stepping randomly (stuck).
  3775 | D:4      | 3775 ||| Stepping randomly (stuck).
  3777 | D:4      | 3777 ||| Stepping randomly (stuck).
  3779 | D:4      | 3779 ||| Stepping randomly (stuck).
  3780 | D:4      | 3780 ||| Stepping randomly (stuck).
  3781 | D:4      | 3781 ||| Stepping randomly (stuck).
  3782 | D:4      | 3782 ||| Stepping randomly (stuck).
  3783 | D:4      | 3783 ||| Stepping randomly (stuck).
  3784 | D:4      | 3784 ||| Stepping randomly (stuck).
  3785 | D:4      | 3785 ||| Stepping randomly (stuck).
  3786 | D:4      | 3786 ||| Stepping randomly (stuck).
  3787 | D:4      | 3787 ||| Stepping randomly (stuck).
  3788 | D:4      | 3788 ||| Stepping randomly (stuck).
  3789 | D:4      | 3789 ||| Stepping randomly (stuck).
  3790 | D:4      | 3790 ||| Stepping randomly (stuck).
  3791 | D:4      | 3791 ||| Stepping randomly (stuck).
  3793 | D:4      | 3793 ||| Stepping randomly (stuck).
  3794 | D:4      | 3794 ||| Stepping randomly (stuck).
  3795 | D:4      | 3795 ||| Stepping randomly (stuck).
  3796 | D:4      | 3796 ||| Stepping randomly (stuck).
  3797 | D:4      | 3797 ||| Stepping randomly (stuck).
  3798 | D:4      | 3798 ||| Stepping randomly (stuck).
  3799 | D:4      | 3799 ||| Stepping randomly (stuck).
  3800 | D:4      | 3800 ||| Stepping randomly (stuck).
  3802 | D:4      | 3802 ||| Stepping randomly (stuck).
  3804 | D:4      | 3804 ||| Stepping randomly (stuck).
  3805 | D:4      | 3805 ||| Stepping randomly (stuck).
  3806 | D:4      | 3806 ||| Stepping randomly (stuck).
  3807 | D:4      | 3807 ||| Stepping randomly (stuck).
  3808 | D:4      | 3808 ||| Stepping randomly (stuck).
  3809 | D:4      | 3809 ||| Stepping randomly (stuck).
  3810 | D:4      | 3810 ||| Stepping randomly (stuck).
  3812 | D:4      | 3812 ||| Stepping randomly (stuck).
  3813 | D:4      | 3813 ||| Stepping randomly (stuck).
  3814 | D:4      | 3814 ||| Stepping randomly (stuck).
  3815 | D:4      | 3815 ||| Stepping randomly (stuck).
  3816 | D:4      | 3816 ||| Stepping randomly (stuck).
  3817 | D:4      | 3817 ||| Stepping randomly (stuck).
  3818 | D:4      | 3818 ||| Stepping randomly (stuck).
  3819 | D:4      | 3819 ||| Stepping randomly (stuck).
  3820 | D:4      | 3820 ||| Stepping randomly (stuck).
  3821 | D:4      | 3821 ||| Stepping randomly (stuck).
  3822 | D:4      | 3822 ||| Stepping randomly (stuck).
  3823 | D:4      | 3823 ||| Stepping randomly (stuck).
  3824 | D:4      | 3824 ||| Stepping randomly (stuck).
  3825 | D:4      | 3825 ||| Stepping randomly (stuck).
  3827 | D:4      | 3827 ||| Stepping randomly (stuck).
  3829 | D:4      | 3829 ||| Stepping randomly (stuck).
  3830 | D:4      | 3830 ||| Stepping randomly (stuck).
  3831 | D:4      | 3831 ||| Stepping randomly (stuck).
  3833 | D:4      | 3833 ||| Stepping randomly (stuck).
  3835 | D:4      | 3835 ||| Stepping randomly (stuck).
  3836 | D:4      | 3836 ||| Stepping randomly (stuck).
  3837 | D:4      | 3837 ||| Stepping randomly (stuck).
  3839 | D:4      | 3839 ||| Stepping randomly (stuck).
  3841 | D:4      | 3841 ||| Stepping randomly (stuck).
  3843 | D:4      | 3843 ||| Stepping randomly (stuck).
  3845 | D:4      | 3845 ||| Stepping randomly (stuck).
  3846 | D:4      | 3846 ||| Stepping randomly (stuck).
  3847 | D:4      | 3847 ||| Stepping randomly (stuck).
  3848 | D:4      | 3848 ||| Stepping randomly (stuck).
  3849 | D:4      | 3849 ||| Stepping randomly (stuck).
  3851 | D:4      | 3851 ||| Stepping randomly (stuck).
  3852 | D:4      | 3852 ||| Stepping randomly (stuck).
  3853 | D:4      | 3853 ||| Stepping randomly (stuck).
  3854 | D:4      | 3854 ||| Stepping randomly (stuck).
  3855 | D:4      | 3855 ||| Stepping randomly (stuck).
  3856 | D:4      | 3856 ||| Stepping randomly (stuck).
  3857 | D:4      | 3857 ||| Stepping randomly (stuck).
  3858 | D:4      | 3858 ||| Stepping randomly (stuck).
  3859 | D:4      | 3859 ||| Stepping randomly (stuck).
  3860 | D:4      | 3860 ||| Stepping randomly (stuck).
  3861 | D:4      | 3861 ||| Stepping randomly (stuck).
  3863 | D:4      | 3863 ||| Stepping randomly (stuck).
  3865 | D:4      | 3865 ||| Stepping randomly (stuck).
  3866 | D:4      | 3866 ||| Stepping randomly (stuck).
  3867 | D:4      | 3867 ||| Stepping randomly (stuck).
  3868 | D:4      | 3868 ||| Stepping randomly (stuck).
  3869 | D:4      | 3869 ||| Stepping randomly (stuck).
  3871 | D:4      | 3871 ||| Stepping randomly (stuck).
  3872 | D:4      | 3872 ||| Stepping randomly (stuck).
  3873 | D:4      | 3873 ||| Stepping randomly (stuck).
  3874 | D:4      | 3874 ||| Stepping randomly (stuck).
  3875 | D:4      | 3875 ||| Stepping randomly (stuck).
  3876 | D:4      | 3876 ||| Stepping randomly (stuck).
  3877 | D:4      | 3877 ||| Stepping randomly (stuck).
  3878 | D:4      | 3878 ||| Stepping randomly (stuck).
  3879 | D:4      | 3879 ||| Stepping randomly (stuck).
  3881 | D:4      | 3881 ||| Stepping randomly (stuck).
  3883 | D:4      | 3883 ||| Stepping randomly (stuck).
  3884 | D:4      | 3884 ||| Stepping randomly (stuck).
  3885 | D:4      | 3885 ||| Stepping randomly (stuck).
  3886 | D:4      | 3886 ||| Stepping randomly (stuck).
  3887 | D:4      | 3887 ||| Stepping randomly (stuck).
  3888 | D:4      | 3888 ||| Stepping randomly (stuck).
  3889 | D:4      | 3889 ||| Stepping randomly (stuck).
  3890 | D:4      | 3890 ||| Stepping randomly (stuck).
  3891 | D:4      | 3891 ||| Stepping randomly (stuck).
  3892 | D:4      | 3892 ||| Stepping randomly (stuck).
  3893 | D:4      | 3893 ||| Stepping randomly (stuck).
  3894 | D:4      | 3894 ||| Stepping randomly (stuck).
  3895 | D:4      | 3895 ||| Stepping randomly (stuck).
  3896 | D:4      | 3896 ||| Stepping randomly (stuck).
  3897 | D:4      | 3897 ||| Stepping randomly (stuck).
  3898 | D:4      | 3898 ||| Stepping randomly (stuck).
  3899 | D:4      | 3899 ||| Stepping randomly (stuck).
  3900 | D:4      | 3900 ||| Stepping randomly (stuck).
  3901 | D:4      | 3901 ||| Stepping randomly (stuck).
  3902 | D:4      | 3902 ||| Stepping randomly (stuck).
  3903 | D:4      | 3903 ||| Stepping randomly (stuck).
  3904 | D:4      | 3904 ||| Stepping randomly (stuck).
  3905 | D:4      | 3905 ||| Stepping randomly (stuck).
  3907 | D:4      | 3907 ||| Stepping randomly (stuck).
  3908 | D:4      | 3908 ||| Stepping randomly (stuck).
  3909 | D:4      | 3909 ||| Stepping randomly (stuck).
  3910 | D:4      | 3910 ||| Stepping randomly (stuck).
  3911 | D:4      | 3911 ||| Stepping randomly (stuck).
  3912 | D:4      | 3912 ||| Stepping randomly (stuck).
  3914 | D:4      | 3914 ||| Stepping randomly (stuck).
  3916 | D:4      | 3916 ||| Stepping randomly (stuck).
  3918 | D:4      | 3918 ||| Stepping randomly (stuck).
  3919 | D:4      | 3919 ||| Stepping randomly (stuck).
  3920 | D:4      | 3920 ||| Stepping randomly (stuck).
  3921 | D:4      | 3921 ||| Stepping randomly (stuck).
  3922 | D:4      | 3922 ||| Stepping randomly (stuck).
  3923 | D:4      | 3923 ||| Stepping randomly (stuck).
  3924 | D:4      | 3924 ||| Stepping randomly (stuck).
  3925 | D:4      | 3925 ||| Stepping randomly (stuck).
  3926 | D:4      | 3926 ||| Stepping randomly (stuck).
  3927 | D:4      | 3927 ||| Stepping randomly (stuck).
  3928 | D:4      | 3928 ||| Stepping randomly (stuck).
  3929 | D:4      | 3929 ||| Stepping randomly (stuck).
  3930 | D:4      | 3930 ||| Stepping randomly (stuck).
  3931 | D:4      | 3931 ||| Stepping randomly (stuck).
  3933 | D:4      | 3933 ||| Stepping randomly (stuck).
  3935 | D:4      | 3935 ||| Stepping randomly (stuck).
  3936 | D:4      | 3936 ||| Stepping randomly (stuck).
  3937 | D:4      | 3937 ||| Stepping randomly (stuck).
  3938 | D:4      | 3938 ||| Stepping randomly (stuck).
  3939 | D:4      | 3939 ||| Stepping randomly (stuck).
  3940 | D:4      | 3940 ||| Stepping randomly (stuck).
  3941 | D:4      | 3941 ||| Stepping randomly (stuck).
  3942 | D:4      | 3942 ||| Stepping randomly (stuck).
  3943 | D:4      | 3943 ||| Stepping randomly (stuck).
  3944 | D:4      | 3944 ||| Stepping randomly (stuck).
  3945 | D:4      | 3945 ||| Stepping randomly (stuck).
  3947 | D:4      | 3947 ||| Stepping randomly (stuck).
  3949 | D:4      | 3949 ||| Stepping randomly (stuck).
  3951 | D:4      | 3951 ||| Stepping randomly (stuck).
  3953 | D:4      | 3953 ||| Stepping randomly (stuck).
  3954 | D:4      | 3954 ||| Stepping randomly (stuck).
  3955 | D:4      | 3955 ||| Stepping randomly (stuck).
  3956 | D:4      | 3956 ||| Stepping randomly (stuck).
  3957 | D:4      | 3957 ||| Stepping randomly (stuck).
  3958 | D:4      | 3958 ||| Stepping randomly (stuck).
  3959 | D:4      | 3959 ||| Stepping randomly (stuck).
  3960 | D:4      | 3960 ||| Stepping randomly (stuck).
  3961 | D:4      | 3961 ||| Stepping randomly (stuck).
  3962 | D:4      | 3962 ||| Stepping randomly (stuck).
  3964 | D:4      | 3964 ||| Stepping randomly (stuck).
  3966 | D:4      | 3966 ||| Stepping randomly (stuck).
  3968 | D:4      | 3968 ||| Stepping randomly (stuck).
  3969 | D:4      | 3969 ||| Stepping randomly (stuck).
  3970 | D:4      | 3970 ||| Stepping randomly (stuck).
  3971 | D:4      | 3971 ||| Stepping randomly (stuck).
  3972 | D:4      | 3972 ||| Stepping randomly (stuck).
  3973 | D:4      | 3973 ||| Stepping randomly (stuck).
  3975 | D:4      | 3975 ||| Stepping randomly (stuck).
  3976 | D:4      | 3976 ||| Stepping randomly (stuck).
  3977 | D:4      | 3977 ||| Stepping randomly (stuck).
  3978 | D:4      | 3978 ||| Stepping randomly (stuck).
  3979 | D:4      | 3979 ||| Stepping randomly (stuck).
  3981 | D:4      | 3981 ||| Stepping randomly (stuck).
  3983 | D:4      | 3983 ||| Stepping randomly (stuck).
  3984 | D:4      | 3984 ||| Stepping randomly (stuck).
  3985 | D:4      | 3985 ||| Stepping randomly (stuck).
  3986 | D:4      | 3986 ||| Stepping randomly (stuck).
  3987 | D:4      | 3987 ||| Stepping randomly (stuck).
  3989 | D:4      | 3989 ||| Stepping randomly (stuck).
  3991 | D:4      | 3991 ||| Stepping randomly (stuck).
  3993 | D:4      | 3993 ||| Stepping randomly (stuck).
  3995 | D:4      | 3995 ||| Stepping randomly (stuck).
  3997 | D:4      | 3997 ||| Stepping randomly (stuck).
  3999 | D:4      | 3999 ||| Stepping randomly (stuck).
  4000 | D:4      | 4000 ||| Stepping randomly (stuck).
  4001 | D:4      | 4001 ||| Stepping randomly (stuck).
  4002 | D:4      | 4002 ||| Stepping randomly (stuck).
  4003 | D:4      | 4003 ||| Stepping randomly (stuck).
  4004 | D:4      | 4004 ||| Stepping randomly (stuck).
  4005 | D:4      | 4005 ||| Stepping randomly (stuck).
  4006 | D:4      | 4006 ||| Stepping randomly (stuck).
  4007 | D:4      | 4007 ||| Stepping randomly (stuck).
  4008 | D:4      | 4008 ||| Stepping randomly (stuck).
  4009 | D:4      | 4009 ||| Stepping randomly (stuck).
  4010 | D:4      | 4010 ||| Stepping randomly (stuck).
  4011 | D:4      | 4011 ||| Stepping randomly (stuck).
  4012 | D:4      | 4012 ||| Stepping randomly (stuck).
  4013 | D:4      | 4013 ||| Stepping randomly (stuck).
  4014 | D:4      | 4014 ||| Stepping randomly (stuck).
  4015 | D:4      | 4015 ||| Stepping randomly (stuck).
  4016 | D:4      | 4016 ||| Stepping randomly (stuck).
  4017 | D:4      | 4017 ||| Stepping randomly (stuck).
  4018 | D:4      | 4018 ||| Stepping randomly (stuck).
  4019 | D:4      | 4019 ||| Stepping randomly (stuck).
  4020 | D:4      | 4020 ||| Stepping randomly (stuck).
  4021 | D:4      | 4021 ||| Stepping randomly (stuck).
  4022 | D:4      | 4022 ||| Stepping randomly (stuck).
  4023 | D:4      | 4023 ||| Stepping randomly (stuck).
  4024 | D:4      | 4024 ||| Stepping randomly (stuck).
  4025 | D:4      | 4025 ||| Stepping randomly (stuck).
  4026 | D:4      | 4026 ||| Stepping randomly (stuck).
  4027 | D:4      | 4027 ||| Stepping randomly (stuck).
  4028 | D:4      | 4028 ||| Stepping randomly (stuck).
  4029 | D:4      | 4029 ||| Stepping randomly (stuck).
  4031 | D:4      | 4031 ||| Stepping randomly (stuck).
  4032 | D:4      | 4032 ||| Stepping randomly (stuck).
  4033 | D:4      | 4033 ||| Stepping randomly (stuck).
  4034 | D:4      | 4034 ||| Stepping randomly (stuck).
  4035 | D:4      | 4035 ||| Stepping randomly (stuck).
  4036 | D:4      | 4036 ||| Stepping randomly (stuck).
  4037 | D:4      | 4037 ||| Stepping randomly (stuck).
  4038 | D:4      | 4038 ||| Stepping randomly (stuck).
  4039 | D:4      | 4039 ||| Stepping randomly (stuck).
  4040 | D:4      | 4040 ||| Stepping randomly (stuck).
  4041 | D:4      | 4041 ||| Stepping randomly (stuck).
  4042 | D:4      | 4042 ||| Stepping randomly (stuck).
  4044 | D:4      | 4044 ||| Stepping randomly (stuck).
  4046 | D:4      | 4046 ||| Stepping randomly (stuck).
  4048 | D:4      | 4048 ||| Stepping randomly (stuck).
  4050 | D:4      | 4050 ||| Stepping randomly (stuck).
  4052 | D:4      | 4052 ||| Stepping randomly (stuck).
  4053 | D:4      | 4053 ||| Stepping randomly (stuck).
  4054 | D:4      | 4054 ||| Stepping randomly (stuck).
  4055 | D:4      | 4055 ||| Stepping randomly (stuck).
  4056 | D:4      | 4056 ||| Stepping randomly (stuck).
  4057 | D:4      | 4057 ||| Stepping randomly (stuck).
  4058 | D:4      | 4058 ||| Stepping randomly (stuck).
  4059 | D:4      | 4059 ||| Stepping randomly (stuck).
  4060 | D:4      | 4060 ||| Stepping randomly (stuck).
  4061 | D:4      | 4061 ||| Stepping randomly (stuck).
  4062 | D:4      | 4062 ||| Stepping randomly (stuck).
  4064 | D:4      | 4064 ||| Stepping randomly (stuck).
  4065 | D:4      | 4065 ||| Stepping randomly (stuck).
  4066 | D:4      | 4066 ||| Stepping randomly (stuck).
  4067 | D:4      | 4067 ||| Stepping randomly (stuck).
  4069 | D:4      | 4069 ||| Stepping randomly (stuck).
  4071 | D:4      | 4071 ||| Stepping randomly (stuck).
  4072 | D:4      | 4072 ||| Stepping randomly (stuck).
  4073 | D:4      | 4073 ||| Stepping randomly (stuck).
  4074 | D:4      | 4074 ||| Stepping randomly (stuck).
  4075 | D:4      | 4075 ||| Stepping randomly (stuck).
  4077 | D:4      | 4077 ||| Stepping randomly (stuck).
  4079 | D:4      | 4079 ||| Stepping randomly (stuck).
  4081 | D:4      | 4081 ||| Stepping randomly (stuck).
  4083 | D:4      | 4083 ||| Stepping randomly (stuck).
  4084 | D:4      | 4084 ||| Stepping randomly (stuck).
  4085 | D:4      | 4085 ||| Stepping randomly (stuck).
  4086 | D:4      | 4086 ||| Stepping randomly (stuck).
  4087 | D:4      | 4087 ||| Stepping randomly (stuck).
  4088 | D:4      | 4088 ||| Stepping randomly (stuck).
  4089 | D:4      | 4089 ||| Stepping randomly (stuck).
  4090 | D:4      | 4090 ||| Stepping randomly (stuck).
  4091 | D:4      | 4091 ||| Stepping randomly (stuck).
  4092 | D:4      | 4092 ||| Stepping randomly (stuck).
  4093 | D:4      | 4093 ||| Stepping randomly (stuck).
  4094 | D:4      | 4094 ||| Stepping randomly (stuck).
  4095 | D:4      | 4095 ||| Stepping randomly (stuck).
  4096 | D:4      | 4096 ||| Stepping randomly (stuck).
  4097 | D:4      | 4097 ||| Stepping randomly (stuck).
  4098 | D:4      | 4098 ||| Stepping randomly (stuck).
  4099 | D:4      | 4099 ||| Stepping randomly (stuck).
  4100 | D:4      | 4100 ||| Stepping randomly (stuck).
  4101 | D:4      | 4101 ||| Stepping randomly (stuck).
  4102 | D:4      | 4102 ||| Stepping randomly (stuck).
  4103 | D:4      | 4103 ||| Stepping randomly (stuck).
  4105 | D:4      | 4105 ||| Stepping randomly (stuck).
  4107 | D:4      | 4107 ||| Stepping randomly (stuck).
  4109 | D:4      | 4109 ||| Stepping randomly (stuck).
  4111 | D:4      | 4111 ||| Stepping randomly (stuck).
  4112 | D:4      | 4112 ||| Stepping randomly (stuck).
  4113 | D:4      | 4113 ||| Stepping randomly (stuck).
  4115 | D:4      | 4115 ||| Stepping randomly (stuck).
  4116 | D:4      | 4116 ||| Stepping randomly (stuck).
  4117 | D:4      | 4117 ||| Stepping randomly (stuck).
  4118 | D:4      | 4118 ||| Stepping randomly (stuck).
  4119 | D:4      | 4119 ||| Stepping randomly (stuck).
  4120 | D:4      | 4120 ||| Stepping randomly (stuck).
  4121 | D:4      | 4121 ||| Stepping randomly (stuck).
  4122 | D:4      | 4122 ||| Stepping randomly (stuck).
  4123 | D:4      | 4123 ||| Stepping randomly (stuck).
  4124 | D:4      | 4124 ||| Stepping randomly (stuck).
  4125 | D:4      | 4125 ||| Stepping randomly (stuck).
  4126 | D:4      | 4126 ||| Stepping randomly (stuck).
  4127 | D:4      | 4127 ||| Stepping randomly (stuck).
  4128 | D:4      | 4128 ||| Stepping randomly (stuck).
  4129 | D:4      | 4129 ||| Stepping randomly (stuck).
  4131 | D:4      | 4131 ||| Stepping randomly (stuck).
  4132 | D:4      | 4132 ||| Stepping randomly (stuck).
  4133 | D:4      | 4133 ||| Stepping randomly (stuck).
  4134 | D:4      | 4134 ||| Stepping randomly (stuck).
  4136 | D:4      | 4136 ||| Stepping randomly (stuck).
  4138 | D:4      | 4138 ||| Stepping randomly (stuck).
  4140 | D:4      | 4140 ||| Stepping randomly (stuck).
  4141 | D:4      | 4141 ||| Stepping randomly (stuck).
  4142 | D:4      | 4142 ||| Stepping randomly (stuck).
  4143 | D:4      | 4143 ||| Stepping randomly (stuck).
  4144 | D:4      | 4144 ||| Stepping randomly (stuck).
  4145 | D:4      | 4145 ||| Stepping randomly (stuck).
  4146 | D:4      | 4146 ||| Stepping randomly (stuck).
  4147 | D:4      | 4147 ||| Stepping randomly (stuck).
  4148 | D:4      | 4148 ||| Stepping randomly (stuck).
  4149 | D:4      | 4149 ||| Stepping randomly (stuck).
  4150 | D:4      | 4150 ||| Stepping randomly (stuck).
  4151 | D:4      | 4151 ||| Stepping randomly (stuck).
  4152 | D:4      | 4152 ||| Stepping randomly (stuck).
  4153 | D:4      | 4153 ||| Stepping randomly (stuck).
  4154 | D:4      | 4154 ||| Stepping randomly (stuck).
  4155 | D:4      | 4155 ||| Stepping randomly (stuck).
  4156 | D:4      | 4156 ||| Stepping randomly (stuck).
  4157 | D:4      | 4157 ||| Stepping randomly (stuck).
  4158 | D:4      | 4158 ||| Stepping randomly (stuck).
  4159 | D:4      | 4159 ||| Stepping randomly (stuck).
  4160 | D:4      | 4160 ||| Stepping randomly (stuck).
  4161 | D:4      | 4161 ||| Stepping randomly (stuck).
  4162 | D:4      | 4162 ||| Stepping randomly (stuck).
  4163 | D:4      | 4163 ||| Stepping randomly (stuck).
  4164 | D:4      | 4164 ||| Stepping randomly (stuck).
  4165 | D:4      | 4165 ||| Stepping randomly (stuck).
  4166 | D:4      | 4166 ||| Stepping randomly (stuck).
  4167 | D:4      | 4167 ||| Stepping randomly (stuck).
  4168 | D:4      | 4168 ||| Stepping randomly (stuck).
  4169 | D:4      | 4169 ||| Stepping randomly (stuck).
  4170 | D:4      | 4170 ||| Stepping randomly (stuck).
  4171 | D:4      | 4171 ||| Stepping randomly (stuck).
  4172 | D:4      | 4172 ||| Stepping randomly (stuck).
  4173 | D:4      | 4173 ||| Stepping randomly (stuck).
  4175 | D:4      | 4175 ||| Stepping randomly (stuck).
  4176 | D:4      | 4176 ||| Stepping randomly (stuck).
  4177 | D:4      | 4177 ||| Stepping randomly (stuck).
  4178 | D:4      | 4178 ||| Stepping randomly (stuck).
  4179 | D:4      | 4179 ||| Stepping randomly (stuck).
  4180 | D:4      | 4180 ||| Stepping randomly (stuck).
  4181 | D:4      | 4181 ||| Stepping randomly (stuck).
  4182 | D:4      | 4182 ||| Stepping randomly (stuck).
  4183 | D:4      | 4183 ||| Stepping randomly (stuck).
  4184 | D:4      | 4184 ||| Stepping randomly (stuck).
  4185 | D:4      | 4185 ||| Stepping randomly (stuck).
  4186 | D:4      | 4186 ||| Stepping randomly (stuck).
  4187 | D:4      | 4187 ||| Stepping randomly (stuck).
  4188 | D:4      | 4188 ||| Stepping randomly (stuck).
  4189 | D:4      | 4189 ||| Stepping randomly (stuck).
  4190 | D:4      | 4190 ||| Stepping randomly (stuck).
  4191 | D:4      | 4191 ||| Stepping randomly (stuck).
  4192 | D:4      | 4192 ||| Stepping randomly (stuck).
  4193 | D:4      | 4193 ||| Stepping randomly (stuck).
  4194 | D:4      | 4194 ||| Stepping randomly (stuck).
  4195 | D:4      | 4195 ||| Stepping randomly (stuck).
  4196 | D:4      | 4196 ||| Stepping randomly (stuck).
  4197 | D:4      | 4197 ||| Stepping randomly (stuck).
  4198 | D:4      | 4198 ||| Stepping randomly (stuck).
  4199 | D:4      | 4199 ||| Stepping randomly (stuck).
  4200 | D:4      | 4200 ||| Stepping randomly (stuck).
  4201 | D:4      | 4201 ||| Stepping randomly (stuck).
  4202 | D:4      | 4202 ||| Stepping randomly (stuck).
  4203 | D:4      | 4203 ||| Stepping randomly (stuck).
  4204 | D:4      | 4204 ||| Stepping randomly (stuck).
  4205 | D:4      | 4205 ||| Stepping randomly (stuck).
  4206 | D:4      | 4206 ||| Stepping randomly (stuck).
  4207 | D:4      | 4207 ||| Stepping randomly (stuck).
  4208 | D:4      | 4208 ||| Stepping randomly (stuck).
  4209 | D:4      | 4209 ||| Stepping randomly (stuck).
  4210 | D:4      | 4210 ||| Stepping randomly (stuck).
  4211 | D:4      | 4211 ||| Stepping randomly (stuck).
  4212 | D:4      | 4212 ||| Stepping randomly (stuck).
  4213 | D:4      | 4213 ||| Stepping randomly (stuck).
  4214 | D:4      | 4214 ||| Stepping randomly (stuck).
  4215 | D:4      | 4215 ||| Stepping randomly (stuck).
  4216 | D:4      | 4216 ||| Stepping randomly (stuck).
  4217 | D:4      | 4217 ||| Stepping randomly (stuck).
  4218 | D:4      | 4218 ||| Stepping randomly (stuck).
  4219 | D:4      | 4219 ||| Stepping randomly (stuck).
  4220 | D:4      | 4220 ||| Stepping randomly (stuck).
  4221 | D:4      | 4221 ||| Stepping randomly (stuck).
  4222 | D:4      | 4222 ||| Stepping randomly (stuck).
  4223 | D:4      | 4223 ||| Stepping randomly (stuck).
  4224 | D:4      | 4224 ||| Stepping randomly (stuck).
  4225 | D:4      | 4225 ||| Stepping randomly (stuck).
  4226 | D:4      | 4226 ||| Stepping randomly (stuck).
  4227 | D:4      | 4227 ||| Stepping randomly (stuck).
  4228 | D:4      | 4228 ||| Stepping randomly (stuck).
  4229 | D:4      | 4229 ||| Stepping randomly (stuck).
  4230 | D:4      | 4230 ||| Stepping randomly (stuck).
  4232 | D:4      | 4232 ||| Stepping randomly (stuck).
  4234 | D:4      | 4234 ||| Stepping randomly (stuck).
  4236 | D:4      | 4236 ||| Stepping randomly (stuck).
  4238 | D:4      | 4238 ||| Stepping randomly (stuck).
  4240 | D:4      | 4240 ||| Stepping randomly (stuck).
  4242 | D:4      | 4242 ||| Stepping randomly (stuck).
  4243 | D:4      | 4243 ||| Stepping randomly (stuck).
  4244 | D:4      | 4244 ||| Stepping randomly (stuck).
  4245 | D:4      | 4245 ||| Stepping randomly (stuck).
  4246 | D:4      | 4246 ||| Stepping randomly (stuck).
  4247 | D:4      | 4247 ||| Stepping randomly (stuck).
  4248 | D:4      | 4248 ||| Stepping randomly (stuck).
  4249 | D:4      | 4249 ||| Stepping randomly (stuck).
  4250 | D:4      | 4250 ||| Stepping randomly (stuck).
  4252 | D:4      | 4252 ||| Stepping randomly (stuck).
  4254 | D:4      | 4254 ||| Stepping randomly (stuck).
  4256 | D:4      | 4256 ||| Stepping randomly (stuck).
  4257 | D:4      | 4257 ||| Stepping randomly (stuck).
  4258 | D:4      | 4258 ||| Stepping randomly (stuck).
  4259 | D:4      | 4259 ||| Stepping randomly (stuck).
  4260 | D:4      | 4260 ||| Stepping randomly (stuck).
  4261 | D:4      | 4261 ||| Stepping randomly (stuck).
  4262 | D:4      | 4262 ||| Stepping randomly (stuck).
  4264 | D:4      | 4264 ||| Stepping randomly (stuck).
  4266 | D:4      | 4266 ||| Stepping randomly (stuck).
  4267 | D:4      | 4267 ||| Stepping randomly (stuck).
  4268 | D:4      | 4268 ||| Stepping randomly (stuck).
  4269 | D:4      | 4269 ||| Stepping randomly (stuck).
  4270 | D:4      | 4270 ||| Stepping randomly (stuck).
  4271 | D:4      | 4271 ||| Stepping randomly (stuck).
  4272 | D:4      | 4272 ||| Stepping randomly (stuck).
  4273 | D:4      | 4273 ||| Stepping randomly (stuck).
  4274 | D:4      | 4274 ||| Stepping randomly (stuck).
  4275 | D:4      | 4275 ||| Stepping randomly (stuck).
  4276 | D:4      | 4276 ||| Stepping randomly (stuck).
  4277 | D:4      | 4277 ||| Stepping randomly (stuck).
  4278 | D:4      | 4278 ||| Stepping randomly (stuck).
  4280 | D:4      | 4280 ||| Stepping randomly (stuck).
  4282 | D:4      | 4282 ||| Stepping randomly (stuck).
  4284 | D:4      | 4284 ||| Stepping randomly (stuck).
  4285 | D:4      | 4285 ||| Stepping randomly (stuck).
  4286 | D:4      | 4286 ||| Stepping randomly (stuck).
  4287 | D:4      | 4287 ||| Stepping randomly (stuck).
  4288 | D:4      | 4288 ||| Stepping randomly (stuck).
  4289 | D:4      | 4289 ||| Stepping randomly (stuck).
  4290 | D:4      | 4290 ||| Stepping randomly (stuck).
  4292 | D:4      | 4292 ||| Stepping randomly (stuck).
  4294 | D:4      | 4294 ||| Stepping randomly (stuck).
  4296 | D:4      | 4296 ||| Stepping randomly (stuck).
  4298 | D:4      | 4298 ||| Stepping randomly (stuck).
  4299 | D:4      | 4299 ||| Stepping randomly (stuck).
  4300 | D:4      | 4300 ||| Stepping randomly (stuck).
  4302 | D:4      | 4302 ||| Stepping randomly (stuck).
  4303 | D:4      | 4303 ||| Stepping randomly (stuck).
  4304 | D:4      | 4304 ||| Stepping randomly (stuck).
  4306 | D:4      | 4306 ||| Stepping randomly (stuck).
  4307 | D:4      | 4307 ||| Stepping randomly (stuck).
  4308 | D:4      | 4308 ||| Stepping randomly (stuck).
  4309 | D:4      | 4309 ||| Stepping randomly (stuck).
  4310 | D:4      | 4310 ||| Stepping randomly (stuck).
  4311 | D:4      | 4311 ||| Stepping randomly (stuck).
  4312 | D:4      | 4312 ||| Stepping randomly (stuck).
  4313 | D:4      | 4313 ||| Stepping randomly (stuck).
  4314 | D:4      | 4314 ||| Stepping randomly (stuck).
  4316 | D:4      | 4316 ||| Stepping randomly (stuck).
  4317 | D:4      | 4317 ||| Stepping randomly (stuck).
  4318 | D:4      | 4318 ||| Stepping randomly (stuck).
  4319 | D:4      | 4319 ||| Stepping randomly (stuck).
  4321 | D:4      | 4321 ||| Stepping randomly (stuck).
  4322 | D:4      | 4322 ||| Stepping randomly (stuck).
  4323 | D:4      | 4323 ||| Stepping randomly (stuck).
  4324 | D:4      | 4324 ||| Stepping randomly (stuck).
  4325 | D:4      | 4325 ||| Stepping randomly (stuck).
  4326 | D:4      | 4326 ||| Stepping randomly (stuck).
  4327 | D:4      | 4327 ||| Stepping randomly (stuck).
  4328 | D:4      | 4328 ||| Stepping randomly (stuck).
  4329 | D:4      | 4329 ||| Stepping randomly (stuck).
  4331 | D:4      | 4331 ||| Stepping randomly (stuck).
  4332 | D:4      | 4332 ||| Stepping randomly (stuck).
  4333 | D:4      | 4333 ||| Stepping randomly (stuck).
  4334 | D:4      | 4334 ||| Stepping randomly (stuck).
  4335 | D:4      | 4335 ||| Stepping randomly (stuck).
  4336 | D:4      | 4336 ||| Stepping randomly (stuck).
  4337 | D:4      | 4337 ||| Stepping randomly (stuck).
  4338 | D:4      | 4338 ||| Stepping randomly (stuck).
  4339 | D:4      | 4339 ||| Stepping randomly (stuck).
  4340 | D:4      | 4340 ||| Stepping randomly (stuck).
  4341 | D:4      | 4341 ||| Stepping randomly (stuck).
  4342 | D:4      | 4342 ||| Stepping randomly (stuck).
  4343 | D:4      | 4343 ||| Stepping randomly (stuck).
  4344 | D:4      | 4344 ||| Stepping randomly (stuck).
  4345 | D:4      | 4345 ||| Stepping randomly (stuck).
  4347 | D:4      | 4347 ||| Stepping randomly (stuck).
  4348 | D:4      | 4348 ||| Stepping randomly (stuck).
  4349 | D:4      | 4349 ||| Stepping randomly (stuck).
  4350 | D:4      | 4350 ||| Stepping randomly (stuck).
  4351 | D:4      | 4351 ||| Stepping randomly (stuck).
  4352 | D:4      | 4352 ||| Stepping randomly (stuck).
  4353 | D:4      | 4353 ||| Stepping randomly (stuck).
  4354 | D:4      | 4354 ||| Stepping randomly (stuck).
  4356 | D:4      | 4356 ||| Stepping randomly (stuck).
  4357 | D:4      | 4357 ||| Stepping randomly (stuck).
  4358 | D:4      | 4358 ||| Stepping randomly (stuck).
  4359 | D:4      | 4359 ||| Stepping randomly (stuck).
  4360 | D:4      | 4360 ||| Stepping randomly (stuck).
  4361 | D:4      | 4361 ||| Stepping randomly (stuck).
  4362 | D:4      | 4362 ||| Stepping randomly (stuck).
  4363 | D:4      | 4363 ||| Stepping randomly (stuck).
  4364 | D:4      | 4364 ||| Stepping randomly (stuck).
  4365 | D:4      | 4365 ||| Stepping randomly (stuck).
  4366 | D:4      | 4366 ||| Stepping randomly (stuck).
  4367 | D:4      | 4367 ||| Stepping randomly (stuck).
  4368 | D:4      | 4368 ||| Stepping randomly (stuck).
  4369 | D:4      | 4369 ||| Stepping randomly (stuck).
  4371 | D:4      | 4371 ||| Stepping randomly (stuck).
  4373 | D:4      | 4373 ||| Stepping randomly (stuck).
  4375 | D:4      | 4375 ||| Stepping randomly (stuck).
  4377 | D:4      | 4377 ||| Stepping randomly (stuck).
  4379 | D:4      | 4379 ||| Stepping randomly (stuck).
  4381 | D:4      | 4381 ||| Stepping randomly (stuck).
  4382 | D:4      | 4382 ||| Stepping randomly (stuck).
  4383 | D:4      | 4383 ||| Stepping randomly (stuck).
  4384 | D:4      | 4384 ||| Stepping randomly (stuck).
  4385 | D:4      | 4385 ||| Stepping randomly (stuck).
  4386 | D:4      | 4386 ||| Stepping randomly (stuck).
  4387 | D:4      | 4387 ||| Stepping randomly (stuck).
  4388 | D:4      | 4388 ||| Stepping randomly (stuck).
  4389 | D:4      | 4389 ||| Stepping randomly (stuck).
  4390 | D:4      | 4390 ||| Stepping randomly (stuck).
  4391 | D:4      | 4391 ||| Stepping randomly (stuck).
  4392 | D:4      | 4392 ||| Stepping randomly (stuck).
  4393 | D:4      | 4393 ||| Stepping randomly (stuck).
  4394 | D:4      | 4394 ||| Stepping randomly (stuck).
  4396 | D:4      | 4396 ||| Stepping randomly (stuck).
  4397 | D:4      | 4397 ||| Stepping randomly (stuck).
  4398 | D:4      | 4398 ||| Stepping randomly (stuck).
  4399 | D:4      | 4399 ||| Stepping randomly (stuck).
  4400 | D:4      | 4400 ||| Stepping randomly (stuck).
  4402 | D:4      | 4402 ||| Stepping randomly (stuck).
  4403 | D:4      | 4403 ||| Stepping randomly (stuck).
  4404 | D:4      | 4404 ||| Stepping randomly (stuck).
  4405 | D:4      | 4405 ||| Stepping randomly (stuck).
  4406 | D:4      | 4406 ||| Stepping randomly (stuck).
  4407 | D:4      | 4407 ||| Stepping randomly (stuck).
  4408 | D:4      | 4408 ||| Stepping randomly (stuck).
  4409 | D:4      | 4409 ||| Stepping randomly (stuck).
  4410 | D:4      | 4410 ||| Stepping randomly (stuck).
  4411 | D:4      | 4411 ||| Stepping randomly (stuck).
  4412 | D:4      | 4412 ||| Stepping randomly (stuck).
  4413 | D:4      | 4413 ||| Stepping randomly (stuck).
  4414 | D:4      | 4414 ||| Stepping randomly (stuck).
  4415 | D:4      | 4415 ||| Stepping randomly (stuck).
  4416 | D:4      | 4416 ||| Stepping randomly (stuck).
  4417 | D:4      | 4417 ||| Stepping randomly (stuck).
  4418 | D:4      | 4418 ||| Stepping randomly (stuck).
  4419 | D:4      | 4419 ||| Stepping randomly (stuck).
  4420 | D:4      | 4420 ||| Stepping randomly (stuck).
  4421 | D:4      | 4421 ||| Stepping randomly (stuck).
  4422 | D:4      | 4422 ||| Stepping randomly (stuck).
  4423 | D:4      | 4423 ||| Stepping randomly (stuck).
  4424 | D:4      | 4424 ||| Stepping randomly (stuck).
  4425 | D:4      | 4425 ||| Stepping randomly (stuck).
  4426 | D:4      | 4426 ||| Stepping randomly (stuck).
  4427 | D:4      | 4427 ||| Stepping randomly (stuck).
  4428 | D:4      | 4428 ||| Stepping randomly (stuck).
  4429 | D:4      | 4429 ||| Stepping randomly (stuck).
  4430 | D:4      | 4430 ||| Stepping randomly (stuck).
  4431 | D:4      | 4431 ||| Stepping randomly (stuck).
  4432 | D:4      | 4432 ||| Stepping randomly (stuck).
  4434 | D:4      | 4434 ||| Stepping randomly (stuck).
  4435 | D:4      | 4435 ||| Stepping randomly (stuck).
  4436 | D:4      | 4436 ||| Stepping randomly (stuck).
  4437 | D:4      | 4437 ||| Stepping randomly (stuck).
  4438 | D:4      | 4438 ||| Stepping randomly (stuck).
  4439 | D:4      | 4439 ||| Stepping randomly (stuck).
  4440 | D:4      | 4440 ||| Stepping randomly (stuck).
  4441 | D:4      | 4441 ||| Stepping randomly (stuck).
  4442 | D:4      | 4442 ||| Stepping randomly (stuck).
  4443 | D:4      | 4443 ||| Stepping randomly (stuck).
  4445 | D:4      | 4445 ||| Stepping randomly (stuck).
  4446 | D:4      | 4446 ||| Stepping randomly (stuck).
  4447 | D:4      | 4447 ||| Stepping randomly (stuck).
  4449 | D:4      | 4449 ||| Stepping randomly (stuck).
  4451 | D:4      | 4451 ||| Stepping randomly (stuck).
  4453 | D:4      | 4453 ||| Stepping randomly (stuck).
  4454 | D:4      | 4454 ||| Stepping randomly (stuck).
  4455 | D:4      | 4455 ||| Stepping randomly (stuck).
  4456 | D:4      | 4456 ||| Stepping randomly (stuck).
  4457 | D:4      | 4457 ||| Stepping randomly (stuck).
  4459 | D:4      | 4459 ||| Stepping randomly (stuck).
  4461 | D:4      | 4461 ||| Stepping randomly (stuck).
  4462 | D:4      | 4462 ||| Stepping randomly (stuck).
  4463 | D:4      | 4463 ||| Stepping randomly (stuck).
  4464 | D:4      | 4464 ||| Stepping randomly (stuck).
  4465 | D:4      | 4465 ||| Stepping randomly (stuck).
  4467 | D:4      | 4467 ||| Stepping randomly (stuck).
  4469 | D:4      | 4469 ||| Stepping randomly (stuck).
  4470 | D:4      | 4470 ||| Stepping randomly (stuck).
  4471 | D:4      | 4471 ||| Stepping randomly (stuck).
  4473 | D:4      | 4473 ||| Stepping randomly (stuck).
  4474 | D:4      | 4474 ||| Stepping randomly (stuck).
  4475 | D:4      | 4475 ||| Stepping randomly (stuck).
  4476 | D:4      | 4476 ||| Stepping randomly (stuck).
  4477 | D:4      | 4477 ||| Stepping randomly (stuck).
  4478 | D:4      | 4478 ||| Stepping randomly (stuck).
  4479 | D:4      | 4479 ||| Stepping randomly (stuck).
  4480 | D:4      | 4480 ||| Stepping randomly (stuck).
  4481 | D:4      | 4481 ||| Stepping randomly (stuck).
  4482 | D:4      | 4482 ||| Stepping randomly (stuck).
  4483 | D:4      | 4483 ||| Stepping randomly (stuck).
  4484 | D:4      | 4484 ||| Stepping randomly (stuck).
  4486 | D:4      | 4486 ||| Stepping randomly (stuck).
  4488 | D:4      | 4488 ||| Stepping randomly (stuck).
  4489 | D:4      | 4489 ||| Stepping randomly (stuck).
  4490 | D:4      | 4490 ||| Stepping randomly (stuck).
  4491 | D:4      | 4491 ||| Stepping randomly (stuck).
  4492 | D:4      | 4492 ||| Stepping randomly (stuck).
  4493 | D:4      | 4493 ||| Stepping randomly (stuck).
  4494 | D:4      | 4494 ||| Stepping randomly (stuck).
  4495 | D:4      | 4495 ||| Stepping randomly (stuck).
  4496 | D:4      | 4496 ||| Stepping randomly (stuck).
  4497 | D:4      | 4497 ||| Stepping randomly (stuck).
  4499 | D:4      | 4499 ||| Stepping randomly (stuck).
  4500 | D:4      | 4500 ||| Stepping randomly (stuck).
  4501 | D:4      | 4501 ||| Stepping randomly (stuck).
  4502 | D:4      | 4502 ||| Stepping randomly (stuck).
  4503 | D:4      | 4503 ||| Stepping randomly (stuck).
  4505 | D:4      | 4505 ||| Stepping randomly (stuck).
  4506 | D:4      | 4506 ||| Stepping randomly (stuck).
  4507 | D:4      | 4507 ||| Stepping randomly (stuck).
  4508 | D:4      | 4508 ||| Stepping randomly (stuck).
  4510 | D:4      | 4510 ||| Stepping randomly (stuck).
  4512 | D:4      | 4512 ||| Stepping randomly (stuck).
  4514 | D:4      | 4514 ||| Stepping randomly (stuck).
  4515 | D:4      | 4515 ||| Stepping randomly (stuck).
  4516 | D:4      | 4516 ||| Stepping randomly (stuck).
  4517 | D:4      | 4517 ||| Stepping randomly (stuck).
  4518 | D:4      | 4518 ||| Stepping randomly (stuck).
  4519 | D:4      | 4519 ||| Stepping randomly (stuck).
  4520 | D:4      | 4520 ||| Stepping randomly (stuck).
  4521 | D:4      | 4521 ||| Stepping randomly (stuck).
  4522 | D:4      | 4522 ||| Stepping randomly (stuck).
  4524 | D:4      | 4524 ||| Stepping randomly (stuck).
  4526 | D:4      | 4526 ||| Stepping randomly (stuck).
  4527 | D:4      | 4527 ||| Stepping randomly (stuck).
  4528 | D:4      | 4528 ||| Stepping randomly (stuck).
  4529 | D:4      | 4529 ||| Stepping randomly (stuck).
  4530 | D:4      | 4530 ||| Stepping randomly (stuck).
  4531 | D:4      | 4531 ||| Stepping randomly (stuck).
  4532 | D:4      | 4532 ||| Stepping randomly (stuck).
  4533 | D:4      | 4533 ||| Stepping randomly (stuck).
  4534 | D:4      | 4534 ||| Stepping randomly (stuck).
  4535 | D:4      | 4535 ||| Stepping randomly (stuck).
  4536 | D:4      | 4536 ||| Stepping randomly (stuck).
  4537 | D:4      | 4537 ||| Stepping randomly (stuck).
  4538 | D:4      | 4538 ||| Stepping randomly (stuck).
  4539 | D:4      | 4539 ||| Stepping randomly (stuck).
  4540 | D:4      | 4540 ||| Stepping randomly (stuck).
  4541 | D:4      | 4541 ||| Stepping randomly (stuck).
  4542 | D:4      | 4542 ||| Stepping randomly (stuck).
  4543 | D:4      | 4543 ||| Stepping randomly (stuck).
  4544 | D:4      | 4544 ||| Stepping randomly (stuck).
  4545 | D:4      | 4545 ||| Stepping randomly (stuck).
  4546 | D:4      | 4546 ||| Stepping randomly (stuck).
  4547 | D:4      | 4547 ||| Stepping randomly (stuck).
  4548 | D:4      | 4548 ||| Stepping randomly (stuck).
  4549 | D:4      | 4549 ||| Stepping randomly (stuck).
  4550 | D:4      | 4550 ||| Stepping randomly (stuck).
  4551 | D:4      | 4551 ||| Stepping randomly (stuck).
  4552 | D:4      | 4552 ||| Stepping randomly (stuck).
  4553 | D:4      | 4553 ||| Stepping randomly (stuck).
  4555 | D:4      | 4555 ||| Stepping randomly (stuck).
  4557 | D:4      | 4557 ||| Stepping randomly (stuck).
  4558 | D:4      | 4558 ||| Stepping randomly (stuck).
  4559 | D:4      | 4559 ||| Stepping randomly (stuck).
  4560 | D:4      | 4560 ||| Stepping randomly (stuck).
  4561 | D:4      | 4561 ||| Stepping randomly (stuck).
  4562 | D:4      | 4562 ||| Stepping randomly (stuck).
  4564 | D:4      | 4564 ||| Stepping randomly (stuck).
  4566 | D:4      | 4566 ||| Stepping randomly (stuck).
  4568 | D:4      | 4568 ||| Stepping randomly (stuck).
  4569 | D:4      | 4569 ||| Stepping randomly (stuck).
  4570 | D:4      | 4570 ||| Stepping randomly (stuck).
  4571 | D:4      | 4571 ||| Stepping randomly (stuck).
  4572 | D:4      | 4572 ||| Stepping randomly (stuck).
  4573 | D:4      | 4573 ||| Stepping randomly (stuck).
  4574 | D:4      | 4574 ||| Stepping randomly (stuck).
  4575 | D:4      | 4575 ||| Stepping randomly (stuck).
  4576 | D:4      | 4576 ||| Stepping randomly (stuck).
  4577 | D:4      | 4577 ||| Stepping randomly (stuck).
  4578 | D:4      | 4578 ||| Stepping randomly (stuck).
  4579 | D:4      | 4579 ||| Stepping randomly (stuck).
  4580 | D:4      | 4580 ||| Stepping randomly (stuck).
  4581 | D:4      | 4581 ||| Stepping randomly (stuck).
  4582 | D:4      | 4582 ||| Stepping randomly (stuck).
  4583 | D:4      | 4583 ||| Stepping randomly (stuck).
  4584 | D:4      | 4584 ||| Stepping randomly (stuck).
  4585 | D:4      | 4585 ||| Stepping randomly (stuck).
  4586 | D:4      | 4586 ||| Stepping randomly (stuck).
  4587 | D:4      | 4587 ||| Stepping randomly (stuck).
  4588 | D:4      | 4588 ||| Stepping randomly (stuck).
  4589 | D:4      | 4589 ||| Stepping randomly (stuck).
  4590 | D:4      | 4590 ||| Stepping randomly (stuck).
  4591 | D:4      | 4591 ||| Stepping randomly (stuck).
  4592 | D:4      | 4592 ||| Stepping randomly (stuck).
  4593 | D:4      | 4593 ||| Stepping randomly (stuck).
  4594 | D:4      | 4594 ||| Stepping randomly (stuck).
  4596 | D:4      | 4596 ||| Stepping randomly (stuck).
  4597 | D:4      | 4597 ||| Stepping randomly (stuck).
  4598 | D:4      | 4598 ||| Stepping randomly (stuck).
  4599 | D:4      | 4599 ||| Stepping randomly (stuck).
  4600 | D:4      | 4600 ||| Stepping randomly (stuck).
  4601 | D:4      | 4601 ||| Stepping randomly (stuck).
  4602 | D:4      | 4602 ||| Stepping randomly (stuck).
  4603 | D:4      | 4603 ||| Stepping randomly (stuck).
  4604 | D:4      | 4604 ||| Stepping randomly (stuck).
  4605 | D:4      | 4605 ||| Stepping randomly (stuck).
  4606 | D:4      | 4606 ||| Stepping randomly (stuck).
  4607 | D:4      | 4607 ||| Stepping randomly (stuck).
  4608 | D:4      | 4608 ||| Stepping randomly (stuck).
  4610 | D:4      | 4610 ||| Stepping randomly (stuck).
  4611 | D:4      | 4611 ||| Stepping randomly (stuck).
  4613 | D:4      | 4613 ||| Stepping randomly (stuck).
  4614 | D:4      | 4614 ||| Stepping randomly (stuck).
  4615 | D:4      | 4615 ||| Stepping randomly (stuck).
  4620 | D:4      | 4620 ||| Stepping randomly (stuck).
  4621 | D:4      | 4621 ||| Stepping randomly (stuck).
  4622 | D:4      | 4622 ||| Stepping randomly (stuck).
  4624 | D:4      | 4624 ||| Stepping randomly (stuck).
  4626 | D:4      | 4626 ||| Stepping randomly (stuck).
  4627 | D:4      | 4627 ||| Stepping randomly (stuck).
  4628 | D:4      | 4628 ||| Stepping randomly (stuck).
  4629 | D:4      | 4629 ||| Stepping randomly (stuck).
  4630 | D:4      | 4630 ||| Stepping randomly (stuck).
  4631 | D:4      | 4631 ||| Stepping randomly (stuck).
  4632 | D:4      | 4632 ||| Stepping randomly (stuck).
  4633 | D:4      | 4633 ||| Stepping randomly (stuck).
  4634 | D:4      | 4634 ||| Stepping randomly (stuck).
  4635 | D:4      | 4635 ||| Stepping randomly (stuck).
  4636 | D:4      | 4636 ||| Stepping randomly (stuck).
  4637 | D:4      | 4637 ||| Stepping randomly (stuck).
  4638 | D:4      | 4638 ||| Stepping randomly (stuck).
  4639 | D:4      | 4639 ||| Stepping randomly (stuck).
  4640 | D:4      | 4640 ||| Stepping randomly (stuck).
  4641 | D:4      | 4641 ||| Stepping randomly (stuck).
  4642 | D:4      | 4642 ||| Stepping randomly (stuck).
  4643 | D:4      | 4643 ||| Stepping randomly (stuck).
  4644 | D:4      | 4644 ||| Stepping randomly (stuck).
  4645 | D:4      | 4645 ||| Stepping randomly (stuck).
  4647 | D:4      | 4647 ||| Stepping randomly (stuck).
  4649 | D:4      | 4649 ||| Stepping randomly (stuck).
  4650 | D:4      | 4650 ||| Stepping randomly (stuck).
  4651 | D:4      | 4651 ||| Stepping randomly (stuck).
  4652 | D:4      | 4652 ||| Stepping randomly (stuck).
  4653 | D:4      | 4653 ||| Stepping randomly (stuck).
  4654 | D:4      | 4654 ||| Stepping randomly (stuck).
  4655 | D:4      | 4655 ||| Stepping randomly (stuck).
  4656 | D:4      | 4656 ||| Stepping randomly (stuck).
  4657 | D:4      | 4657 ||| Stepping randomly (stuck).
  4658 | D:4      | 4658 ||| Stepping randomly (stuck).
  4659 | D:4      | 4659 ||| Stepping randomly (stuck).
  4660 | D:4      | 4660 ||| Stepping randomly (stuck).
  4661 | D:4      | 4661 ||| Stepping randomly (stuck).
  4662 | D:4      | 4662 ||| Stepping randomly (stuck).
  4663 | D:4      | 4663 ||| Stepping randomly (stuck).
  4664 | D:4      | 4664 ||| Stepping randomly (stuck).
  4665 | D:4      | 4665 ||| Stepping randomly (stuck).
  4666 | D:4      | 4666 ||| Stepping randomly (stuck).
  4667 | D:4      | 4667 ||| Stepping randomly (stuck).
  4669 | D:4      | 4669 ||| Stepping randomly (stuck).
  4670 | D:4      | 4670 ||| Stepping randomly (stuck).
  4671 | D:4      | 4671 ||| Stepping randomly (stuck).
  4672 | D:4      | 4672 ||| Stepping randomly (stuck).
  4673 | D:4      | 4673 ||| Stepping randomly (stuck).
  4674 | D:4      | 4674 ||| Stepping randomly (stuck).
  4675 | D:4      | 4675 ||| Stepping randomly (stuck).
  4676 | D:4      | 4676 ||| Stepping randomly (stuck).
  4678 | D:4      | 4678 ||| Stepping randomly (stuck).
  4680 | D:4      | 4680 ||| Stepping randomly (stuck).
  4682 | D:4      | 4682 ||| Stepping randomly (stuck).
  4683 | D:4      | 4683 ||| Stepping randomly (stuck).
  4684 | D:4      | 4684 ||| Stepping randomly (stuck).
  4685 | D:4      | 4685 ||| Stepping randomly (stuck).
  4686 | D:4      | 4686 ||| Stepping randomly (stuck).
  4687 | D:4      | 4687 ||| Stepping randomly (stuck).
  4688 | D:4      | 4688 ||| Stepping randomly (stuck).
  4689 | D:4      | 4689 ||| Stepping randomly (stuck).
  4690 | D:4      | 4690 ||| Stepping randomly (stuck).
  4691 | D:4      | 4691 ||| Stepping randomly (stuck).
  4693 | D:4      | 4693 ||| Stepping randomly (stuck).
  4695 | D:4      | 4695 ||| Stepping randomly (stuck).
  4697 | D:4      | 4697 ||| Stepping randomly (stuck).
  4698 | D:4      | 4698 ||| Stepping randomly (stuck).
  4699 | D:4      | 4699 ||| Stepping randomly (stuck).
  4701 | D:4      | 4701 ||| Stepping randomly (stuck).
  4702 | D:4      | 4702 ||| Stepping randomly (stuck).
  4703 | D:4      | 4703 ||| Stepping randomly (stuck).
  4704 | D:4      | 4704 ||| Stepping randomly (stuck).
  4705 | D:4      | 4705 ||| Stepping randomly (stuck).
  4706 | D:4      | 4706 ||| Stepping randomly (stuck).
  4707 | D:4      | 4707 ||| Stepping randomly (stuck).
  4708 | D:4      | Quit the game

Levels and vault maps discovered:
D:1:      spicycebolla_arrival_xxxplode, layout_basic, basic_ecumenical_altar
D:2:      layout_loops_ring, uniq_crazy_yiuf_cottage
D:3:      layout_rooms, mainiacjoe_overflow_brackets, serial_corexii_hall,
          corexii_hall_statues_x, corexii_hall_statues_l,
          chequers_hall_statues_wall_a, chequers_hall_statues_corner_a,
          corexii_hall_statues_x, corexii_hall_statues_s
D:4:      layout_basic, led_sif_pool, minmay_temple_entry_statues_fountains,
          serial_co_window_serial, co_window_corner_a, co_window_paths_b,
          co_window_paths_b, co_window_of_opportunity_a, co_window_cross_1,
          co_window_broadway_a, co_window_broadway_c, co_window_corner_b,
          co_window_unsneaky_path_c, co_window_broadway_a, co_window_paths_d,
          glass_columns_c, glass_columns_b, glass_columns_c,
          chequers_serial_rivers_small_b
Temple:   cyrus_circular_temple

Skill      XL: |  1  2  3  4  5  6 |
---------------+-------------------+-----
Axes           | 2 3 4 5 |  5.0
Armour         | 4 |  4.7
Fighting       | 4 |  4.0
Shields        | |  3.2

Action                   |  1- 3 |  4- 6 || total
-------------------------+-------+-------++-------
Melee: War axe           |   133 |   138 ||   271
Throw: Boomerang         |       |    13 ||    13
  Use: Scroll            |     4 |     6 ||    10
       Potion            |       |     6 ||     6
Armor: Scale mail        |    80 |    55 ||   135
       Crystal plate arm |       |    62 ||    62
Dodge: Dodged            |    71 |    43 ||   114
Block: Buckler           |    34 |    27 ||    61

Table legend:
 A = Non-vault XP
 B = Vault XP
 C = Vault XP percentage of total XP
 D = Non-vault monster count
 E = Vault monster count
 F = Vault count percentage of total count
                 A         B        C        D         E       F
            +---------+---------+-------+---------+---------+-------
      Total |     460 |       0 |   0.0 |      75 |       0 |   0.0
            +---------+---------+-------+---------+---------+-------
        D:1 |      64 |       0 |   0.0 |      34 |       0 |   0.0
        D:2 |      69 |       0 |   0.0 |      16 |       0 |   0.0
        D:3 |      64 |       0 |   0.0 |      11 |       0 |   0.0
        D:4 |     263 |       0 |   0.0 |      14 |       0 |   0.0
            +---------+---------+-------+---------+---------+-------
